cohdb
Replays
Latest Replays
All Replays
Popular Replays
Top Player Replays
Match Explorer
How It Works
Community
CoH3 Stats
Reddit
Sign in to upload your games and track your stats! →
Sign in with Steam
Match 44908838
Unlisted
Match 44908838
Overview
Messages
Build Orders
End
Engineer Squad
Construct Weapon Support Center
M1919 Machine Gun Team
Bazooka Squad
M1919 Machine Gun Team
Construct Medical Station
Mechanized Support Center
M3 Armored Personnel Carrier
Engineer Squad
Selects Special Operations Battlegroup
Selects Raiding Flares
Selects SSF Commando Squad
SSF Commando Squad
Forward Retreat Point
SSF Commando Squad
Construct Tank Depot
Improved M9 Bazooka Rockets
Selects M29 Weasel Recon Vehicle
Selects P-47 Anti-Infantry Loiter
Selects UNKNOWN (2162291)
M4A1 Sherman Whizbang
.30 cal Machine Gun
剩者为王
19禁
JT
只出曲线
Scherzando
Nostalgia
聽取蛙聲一片
Oier
0
0
Comments
sign in to comment!
No comments posted yet!